[Event "Early-Titled-Tuesday-Blitz-September-26-2023"]
[Site "Chess.com"]
[Date "2023.09.26"]
[Round "4"]
[White "Misticpikachu"]
[Black "Korchmar_Vasiliy"]
[Result "1-0"]
[WhiteElo "2542"]
[BlackElo "2694"]
[TimeControl "180+1"]
[EndTime "8:37:58 PDT"]
[Termination "Misticpikachu won by resignation"]

1. c4 e6 2. Nf3 d5 3. e3 Nf6 4. Nc3 Bd6 5. b3 O-O 6. Bb2 c5 7. cxd5 exd5 8. d4 cxd4 9. Nxd4 Nc6 10. Be2 Nxd4 11. Qxd4 Qe7 12. Nxd5 Qe6 13. Nxf6+ gxf6 14. Qxf6 Bb4+ 15. Kf1 Qxf6 16. Bxf6 Be6 17. Bf3 a5 18. Ke2 a4 19. Bxb7 Ra7 20. Be4 Ra6 21. Bd4 f5 22. Bd3 Raa8 23. a3 Bd6 24. Bc4 Bxc4+ 25. bxc4 f4 26. c5 Be7 27. Rab1 fxe3 28. fxe3 Rfc8 29. Rhc1 Ra5 30. Rb4 Kf7 31. Rcc4 Rca8 32. Rb7 Ke6 33. Bc3 Rxc5 34. Rxe7+ Kxe7 35. Rxc5 1-0

[Event "Early-Titled-Tuesday-Blitz-September-26-2023"]
[Site "Chess.com"]
[Date "2023.09.26"]
[Round "4"]
[White "crosky"]
[Black "astralpulse"]
[Result "0-1"]
[WhiteElo "2417"]
[BlackElo "2634"]
[TimeControl "180+1"]
[EndTime "8:37:58 PDT"]
[Termination "astralpulse won by resignation"]

1. c4 e6 2. Nc3 d5 3. d4 Nf6 4. cxd5 exd5 5. Bg5 Be7 6. e3 c6 7. Bd3 Nbd7 8. Qc2 Nh5 9. Bxe7 Qxe7 10. Nge2 g6 11.
g4 Ng7 12. O-O-O Nb6 13. h3 Bd7 14. Kb1 O-O-O 15. Ng3 h5 16. Be2 hxg4 17. hxg4 Kb8 18. b3 Qf6 19. f3 Bc8 20. Qd2 Qd6 21. Rxh8 Rxh8 22. Rg1 Rh2 23. Qe1 Ne6 24. Qf1 Ng5 25. Rg2 Rh8 26. Rg1 Qe7 27. f4 Nh3 0-1

[Event "Early-Titled-Tuesday-Blitz-September-26-2023"]
[Site "Chess.com"]
[Date "2023.09.26"]
[Round "4"]
[White "KaydenTroffChess"]
[Black "Just_Lucky_1"]
[Result "1-0"]
[WhiteElo "2753"]
[BlackElo "2572"]
[TimeControl "180+1"]
[EndTime "8:38:00 PDT"]
[Termination "KaydenTroffChess won by resignation"]

1. d4 Nf6 2. Nf3 e6 3. Bf4 d5 4.
e3 Nbd7 5. Nbd2 h6 6. h3 Bd6 7. Ne5 Bxe5 8. dxe5 Ng8 9. c4 c6 10. cxd5 cxd5 11. Bd3 Ne7 12. Bg3 b6 13. O-O Bb7 14. Qg4 g6 15. Nf3 h5 16. Qf4 Nc5 17. Bc2 Nf5 18.
Bxf5 gxf5 19. Bh4 Qd7 20. Bf6 Rg8 21. Qh6 d4 22. Qh7 Kf8 23. Ng5 Ne4 24. h4 Nxg5 25.
hxg5 Qd5 26. f3 dxe3 27. Rfd1 Qc5 28. Rd7 e2+ 29. Kh2 1-0

[Event "Early-Titled-Tuesday-Blitz-September-26-2023"]
[Site "Chess.com"]
[Date "2023.09.26"]
[Round "4"]
[White "Doomfist26"]
[Black "imdvb6307"]
[Result "0-1"]
[WhiteElo "2602"]
[BlackElo "2466"]
[TimeControl "180+1"]
[EndTime "8:38:01 PDT"]
[Termination "imdvb6307 won by resignation"]

1. e4 Nc6 2. Nf3 d6 3. d4 Nf6 4.
Nc3 Bg4 5. Be2 e5 6. d5 Ne7 7. h3 Bd7 8. Be3 Ng6 9. Qd2 Be7 10. a4 a5 11. O-O O-O 12. Ne1 h6 13. Nd3 Nh7 14. Bh5 Bg5 15. Bxg6 fxg6 16. f4 exf4 17.
Nxf4 Qe8 18. Qd3 Nf6 19. b3 Bxf4 20. Rxf4 Qe7 21. Raf1 Rae8 22. Bd4 g5 23. R4f2 Nh5 24. e5 Rxf2 25. Rxf2 dxe5 26. Re2 Nf4 27. Qc4 Nxe2+ 28. Nxe2 exd4 29. d6+ Qe6 0-1

[Event "Early-Titled-Tuesday-Blitz-September-26-2023"]
[Site "Chess.com"]
[Date "2023.09.26"]
[Round "4"]
[White "slorovel"]
[Black "CixPer1968"]
[Result "1-0"]
[WhiteElo "2470"]
[BlackElo "2212"]
[TimeControl "180+1"]
[EndTime "8:38:01 PDT"]
[Termination "slorovel won on time"]

1. e4 c5 2. Nf3 d6 3. d4 cxd4 4. Nxd4 Nf6 5. Nc3 g6 6. Be3 Bg7 7. f3 O-O 8. Qd2 Nc6 9. g4 Be6 10. O-O-O Rc8 11. Kb1 a6 12. h4 Bxg4 13. fxg4 Nxg4 14.
Bg1 h5 15. Be2 Bh6 16. Qe1 Ne3 17. Nxc6 Rxc6 18. Bxe3 Bxe3 19. Bxh5 Bh6 20. Rg1 Kh7 21. Be2 Bg7 22. h5 Qb6 23. hxg6+ fxg6 24. Rd3 Rfc8 25. Ka1 Rxc3 26. bxc3 Rxc3 27. Rh1+ Kg8 28. Rxc3 Qb4 29.
Rh3 1-0

[Event "Early-Titled-Tuesday-Blitz-September-26-2023"]
[Site "Chess.com"]
[Date "2023.09.26"]
[Round "4"]
[White "SharapovEvgeny"]
[Black "chezzgirl04"]
[Result "0-1"]
[WhiteElo "2599"]
[BlackElo "2190"]
[TimeControl "180+1"]
[EndTime "8:38:02 PDT"]
[Termination "chezzgirl04 won by resignation"]

1. e4 e5 2. Nf3 Nc6 3. Bb5 a6 4. Ba4 Nf6 5. d3 b5 6. Bb3 Bc5 7. O-O O-O 8. Nxe5 Nxe5 9. d4 Bxd4 10. Qxd4 d6 11. c3 c5 12. Qe3 Bb7 13. f3 Re8 14. Rd1 Qc7 15. Qg5 Rad8 16. Bf4 Qb6 17. Kh1 Ng6 18. Bg3 c4 19. Bc2 d5 20. e5 Nd7 21. Bxg6 hxg6 22. Nd2 d4 23. cxd4 Qxd4 24.
Ne4 Qxb2 25. Nd6 Nxe5 26. Nxb7 Rxd1+ 27. Rxd1 c3 28. Qc1 Nd3 29. Qxb2 cxb2 30. Bh4 Nc1 0-1

[Event "Early-Titled-Tuesday-Blitz-September-26-2023"]
[Site "Chess.com"]
[Date "2023.09.26"]
[Round "4"]
[White "Mariia89"]
[Black "falzehope0"]
[Result "0-1"]
[WhiteElo "2070"]
[BlackElo "2340"]
[TimeControl "180+1"]
[EndTime "8:38:06 PDT"]
[Termination "falzehope0 won by checkmate"]

1. d4 e6 2. Nf3 d5 3. c4 f5 4. e3 c6 5. Be2 Bd6 6. O-O Nf6 7. b3 O-O 8. Ba3 Bxa3 9. Nxa3 Nbd7 10. cxd5 exd5 11. b4 a6 12. Rc1 Ne4 13. Nd2 Qg5 14. Bf3 Qh6 15. Nab1 b5 16. Nb3 Nb6 17. N1d2 Nc4 18. Nxc4 bxc4 19. Nc5 a5 20. a3 axb4 21. axb4 g5 22. Bxe4 fxe4 23. Ra1 Rb8 24. Qd2 Rf6 25. Ra7 Qh5 26. Rfa1 Rh6 27. h3 Bxh3 28. gxh3 Qxh3 29. f4 Qh1+ 30. Kf2 Qf3+ 31. Ke1 Rh1# 0-1

[Event "Early-Titled-Tuesday-Blitz-September-26-2023"]
[Site "Chess.com"]
[Date "2023.09.26"]
[Round "4"]
[White "Maus7"]
[Black "Yuruultei"]
[Result "1-0"]
[WhiteElo "2483"]
[BlackElo "2274"]
[TimeControl "180+1"]
[EndTime "8:38:08 PDT"]
[Termination "Maus7 won by resignation"]

1. e4 c5 2. Nf3 e6 3. d4 cxd4 4. Nxd4 Nc6 5. Nc3 a6 6. Be3 Nf6 7. Qf3 d6 8. Nxc6 bxc6 9. O-O-O d5 10. Qg3 Nh5 11. Qe5 Nf6 12. Bc4 Bd6 13. Qg5 Bf8 14. Bb3 Nd7 15. Qg3 Qf6 16. exd5 cxd5 17. Rhe1 Be7 18.
Nxd5 exd5 19. Bg5 1-0

[Event "Early-Titled-Tuesday-Blitz-September-26-2023"]
[Site "Chess.com"]
[Date "2023.09.26"]
[Round "4"]
[White "Kaiyrbekov"]
[Black "Francisco_Ferrari"]
[Result "1-0"]
[WhiteElo "1615"]
[BlackElo "2402"]
[TimeControl "180+1"]
[EndTime "8:38:12 PDT"]
[Termination "Kaiyrbekov won by resignation"]

1. e4 d6 2. d4 g6 3. Nf3 Bg7 4. Bd3 Nd7 5. Be3 Ngf6 6. O-O O-O 7. c3 e5 8. Qc2 Re8 9. Nbd2 c6 10. Rad1 Qc7 11. Rfe1 b5 12. dxe5 dxe5 13. h3 a6 14.
a3 c5 15. c4 Rb8 16. cxb5 axb5 17. Rc1 c4 18. Bf1 Qd8 19. a4 bxa4 20. Nxc4 Re6 21.
Qxa4 Nxe4 22. Na5 Ra6 23. Bxa6 Bxa6 24. Nc6 1-0

[Event "Early-Titled-Tuesday-Blitz-September-26-2023"]
[Site "Chess.com"]
[Date "2023.09.26"]
[Round "4"]
[White "campochess"]
[Black "Qvalda"]
[Result "0-1"]
[WhiteElo "2201"]
[BlackElo "2373"]
[TimeControl "180+1"]
[EndTime "8:38:14 PDT"]
[Termination "Qvalda won by resignation"]

1. e4 e6 2. Qe2 Nc6 3. Nf3 e5 4.
c3 Nf6 5. d3 d5 6. Bg5 Be7 7. Nbd2 O-O 8. h3 b5 9. a4 b4 10. c4 dxe4 11. Bxf6 exd3 12. Bxe7 dxe2 13. Bxd8 exf1=Q+ 14. Kxf1 Rxd8 15. g4 Bb7 16. Rg1 Na5 17. b3 e4 18. Nxe4 Bxe4 19. Ne5 Nxb3 20. Re1 Nd2+ 21. Ke2 b3 22. f3 Bc2 23. Rc1 b2 24. Rxc2 b1=Q 25. Rxb1 Nxb1 26. Nc6 Rd6 27. Na5 Re8+ 28. Kf2 Rd2+ 29. Rxd2 Nxd2 30. c5 Re5 31. Nc6 Rxc5 32. Nxa7 Ra5 33. Nb5 c6 34. Nd4 c5 0-1

[Event "Early-Titled-Tuesday-Blitz-September-26-2023"]
[Site "Chess.com"]
[Date "2023.09.26"]
[Round "4"]
[White "Igrok3069"]
[Black "DTChess"]
[Result "1-0"]
[WhiteElo "2876"]
[BlackElo "2591"]
[TimeControl "180+1"]
[EndTime "8:38:16 PDT"]
[Termination "Igrok3069 won by resignation"]

1. d4 Nf6 2. c4 e6 3. Nc3 d5 4.
cxd5 exd5 5. Bg5 c6 6. e3 Be7 7. Bd3 O-O 8. Nge2 Nbd7 9. Qc2 Re8 10. O-O Nf8 11. Rab1 g6 12. b4 Ne6 13. Bh4 b6 14. Rfd1 Bb7 15. b5 c5 16. dxc5 bxc5 17. Bxf6 Bxf6 18. Be4 Nc7 19. Bf3 Rb8 20. a4 d4 21.
Bxb7 Rxb7 22. Ne4 Rxe4 23. Qxe4 Rb6 24. exd4 Re6 25. Qd3 cxd4 26. a5 Kg7 27. b6 axb6 28. axb6 Nd5 29. b7 Qb8 30. Nxd4 Rd6 31. Nc6 Rxc6 32.
Qxd5 Rc7 33. g3 h5 34. h4 Rc2 35. Rdc1 Re2 36. Qf3 Re8 37. Kg2 Bd4 38. Rc4 Ba7 39. Qc3+ Kh7 40. Rc8 1-0

[Event "Early-Titled-Tuesday-Blitz-September-26-2023"]
[Site "Chess.com"]
[Date "2023.09.26"]
[Round "4"]
[White "kuba2006"]
[Black "jasonbolivar"]
[Result "1-0"]
[WhiteElo "2480"]
[BlackElo "2255"]
[TimeControl "180+1"]
[EndTime "8:38:17 PDT"]
[Termination "kuba2006 won on time"]

1. b3 Nf6 2. Bb2 g6 3. e4 d6 4.
f4 Bg7 5. e5 Nfd7 6. d4 O-O 7.
Nf3 dxe5 8. dxe5 Nc5 9. Nbd2 Nc6 10. Bc4 Be6 11. O-O Bh6 12. g3 Bh3 13. Re1 Bg4 14. Qe2 Qc8 15. Qf2 Ne6 16. Ne4 Rd8 17. Rad1 Ng7 18.
Rxd8+ Qxd8 19. Nfg5 Be6 20. Nxe6 Nxe6 21. f5 gxf5 22.
Qxf5 Ncd4 23. Qh5 Bg7 24. Rf1 1-0

[Event "Early-Titled-Tuesday-Blitz-September-26-2023"]
[Site "Chess.com"]
[Date "2023.09.26"]
[Round "4"]
[White "guillembaches"]
[Black "PedroGil25"]
[Result "1/2-1/2"]
[WhiteElo "2509"]
[BlackElo "2331"]
[TimeControl "180+1"]
[EndTime "8:38:18 PDT"]
[Termination "Game drawn by repetition"]

1. d4 Nf6 2. Nf3 b6 3. Bg5 Bb7 4. Nbd2 d5 5. e3 e6 6. Bd3 Nbd7 7. c3 Be7 8. Qe2 O-O 9. h4 c5 10. Bf4 Rc8 11. h5 Ne4 12. h6 g6 13. Ba6 Bxa6 14. Qxa6 Nxd2 15. Nxd2 Ra8 16. Nf3 Qc8 17. Qe2 Qc6 18.
a4 a6 19. O-O b5 20. dxc5 Bxc5 21. axb5 axb5 22. Ne5 Nxe5 23. Bxe5 Rfc8 24. Qf3 Be7 25. Bf6 Bf8 26. Bd4 f5 27. Qf4 Qd6 28. Qg5 Qe7 29.
Bf6 Qf7 30. Bd4 b4 31. Qf4 Rxa1 32. Rxa1 Qc7 33. Qg5 Qe7 34. Qf4 Qd6 35. Be5 Qe7 36. Bd4 Qd6 37. Be5 Qe7 38. Bd4 1/2-1/2

[Event "Early-Titled-Tuesday-Blitz-September-26-2023"]
[Site "Chess.com"]
[Date "2023.09.26"]
[Round "4"]
[White "nicholas_ilic"]
[Black "rikchessmx"]
[Result "1-0"]
[WhiteElo "2232"]
[BlackElo "2357"]
[TimeControl "180+1"]
[EndTime "8:38:20 PDT"]
[Termination "nicholas_ilic won by checkmate"]

1. e4 e5 2. Nf3 Nc6 3. Bb5 a6 4. Ba4 Nf6 5. O-O Be7 6. Re1 b5 7. Bb3 O-O 8. d3 d6 9. h3 Na5 10. Bg5 Nxb3 11. axb3 Bb7 12. b4 Nd7 13. Bxe7 Qxe7 14.
Nbd2 f5 15. Nf1 f4 16. c3 Rf6 17. Nh4 Raf8 18. Nh2 g6 19. d4 R6f7 20. N4f3 h5 21. h4 Nf6 22. Ng5 Kh8 23. Nxf7+ Rxf7 24. dxe5 dxe5 25.
Nf3 Ng4 26. Ng5 Rf6 27. Qb3 Kg7 28. Rad1 Bc8 29. Rd2 c5 30. bxc5 Qxc5 31. Red1 a5 32. Rd7+ Bxd7 33. Rxd7+ Kf8 34. Nh7+ Ke8 35. Nxf6+ Nxf6 36. Qf7# 1-0

[Event "Early-Titled-Tuesday-Blitz-September-26-2023"]
[Site "Chess.com"]
[Date "2023.09.26"]
[Round "4"]
[White "lrestevez"]
[Black "GaalZsoka"]
[Result "0-1"]
[WhiteElo "2210"]
[BlackElo "2460"]
[TimeControl "180+1"]
[EndTime "8:38:21 PDT"]
[Termination "GaalZsoka won by resignation"]

1. e4 c6 2. Nf3 g6 3. Nc3 Bg7 4. Bc4 Nf6 5. Qe2 d5 6. exd5 cxd5 7. Bb3 O-O 8. d4 Nc6 9. Be3 Bf5 10. O-O-O Rc8 11.
h3 Ne4 12. Nxd5 Na5 13. Nb4 Nxb3+ 14. Kb1 Na5 15. Nh4 Be6 16. d5 Bd7 17. Bd4 Bxd4 18.
Rxd4 Nf6 19. Re1 Qb6 20. c3 e5 21. dxe6 Bxe6 22. a3 Nc4 23. g4 a5 24. Nd3 Nxa3+ 25. Kc1 Qb3 26. Nf4 Rxc3+ 27. bxc3 Qxc3+ 28. Kd1 Bb3+ 0-1

[Event "Early-Titled-Tuesday-Blitz-September-26-2023"]
[Site "Chess.com"]
[Date "2023.09.26"]
[Round "4"]
[White "Shockerlover"]
[Black "diamonds13"]
[Result "0-1"]
[WhiteElo "1988"]
[BlackElo "2316"]
[TimeControl "180+1"]
[EndTime "8:38:24 PDT"]
[Termination "diamonds13 won by checkmate"]

1. d4 Nf6 2. Nf3 e6 3. c4 b6 4. g3 Bb7 5. Bg2 c5 6. O-O cxd4 7. Qxd4 Nc6 8. Qd1 Be7 9. Nc3 a6 10. e4 d6 11. Re1 O-O 12. Qc2 e5 13. Bg5 Nd4 14.
Nxd4 exd4 15. Bxf6 Bxf6 16. Nd5 Bxd5 17. cxd5 d3 18. Qxd3 Bxb2 19. Rab1 Qf6 20. Re2 Bd4 21. Rd2 Bc5 22. Bh3 Rae8 23. Bd7 Re7 24. Bc6 h5 25. Kg2 h4 26. f3 Re5 27. Qxa6 h3+ 28. Kxh3 Qxf3 29.
Rf1 Rh5# 0-1

[Event "Early-Titled-Tuesday-Blitz-September-26-2023"]
[Site "Chess.com"]
[Date "2023.09.26"]
[Round "4"]
[White "ActorXu"]
[Black "seopie"]
[Result "1-0"]
[WhiteElo "2706"]
[BlackElo "2826"]
[TimeControl "180+1"]
[EndTime "8:38:26 PDT"]
[Termination "ActorXu won by resignation"]

1. e4 c5 2. Nf3 d6 3. d4 cxd4 4. Nxd4 Nf6 5. Nc3 a6 6. Bg5 Nbd7 7. Bc4 Qb6 8. Bb3 e6 9. Bxf6 Nxf6 10. Qd2 Be7 11. f4 Qc7 12. O-O-O b5 13. a3 O-O 14. Rhe1 Rd8 15. g4 Rb8 16. g5 Nh5 17. f5 Qc5 18. Rg1 e5 19. Nde2 Bf8 20. g6 Kh8 21.
Qg5 Nf6 22. gxf7 h6 23. Qg6 b4 24. axb4 Rxb4 25. Rd3 Bb7 26. Rh3 d5 27. Rxh6+ gxh6 28. Qg8+ 1-0

[Event "Early-Titled-Tuesday-Blitz-September-26-2023"]
[Site "Chess.com"]
[Date "2023.09.26"]
[Round "4"]
[White "Artemiki"]
[Black "andrzej"]
[Result "0-1"]
[WhiteElo "2208"]
[BlackElo "2466"]
[TimeControl "180+1"]
[EndTime "8:38:26 PDT"]
[Termination "andrzej won on time"]

1. e4 e5 2. Nf3 Nf6 3. d4 Nxe4 4.
Bd3 d5 5. Nxe5 Bd6 6. O-O O-O 7. Nc3 Nxc3 8. bxc3 Nd7 9. Nxd7 Qxd7 10. Qh5 g6 11. Qh4 Qg4 12. Qh6 Re8 13. h3 Qd7 14. Bg5 c6 15. Rfe1 Bf8 16. Qh4 b6 17. Bf6 Bb7 18.
Re5 Rxe5 19. dxe5 c5 20. Re1 Re8 21. Qf4 Qc6 0-1

[Event "Early-Titled-Tuesday-Blitz-September-26-2023"]
[Site "Chess.com"]
[Date "2023.09.26"]
[Round "4"]
[White "Flawless_Fighter"]
[Black "Druid24"]
[Result "1-0"]
[WhiteElo "2837"]
[BlackElo "2628"]
[TimeControl "180+1"]
[EndTime "8:38:29 PDT"]
[Termination "Flawless_Fighter won by resignation"]

1. e4 c5 2. Nf3 e6 3. c3 Nf6 4. e5 Nd5 5. d4 cxd4 6. cxd4 b6 7.
Bc4 Ba6 8. Bxa6 Nxa6 9. O-O Be7 10. Nbd2 O-O 11. Ne4 Rc8 12. Bg5 h6 13. Bxe7 Qxe7 14.
Rc1 Nab4 15. a3 Rxc1 16. Qxc1 Nd3 17. Qd2 N3f4 18. g3 Ng6 19. Nc3 Nxc3 20. Qxc3 d6 21.
Rc1 dxe5 22. dxe5 Rd8 23. h4 Qd7 24. Qc7 Ne7 25. Qxd7 Rxd7 26. Kf1 f6 27. Ke2 Kf7 28. Rc2 Ng6 29. exf6 gxf6 30. Rc8 e5 31. h5 Ne7 32. Ra8 Ke6 33. Rh8 Nf5 34. g4 Nd6 35. Rxh6 Nc4 36. g5 e4 37. Rxf6+ Kd5 38. Nd2 Nxb2 39. g6 Nd3 40. h6 Ke5 41. h7 Kxf6 42. h8=Q+ Kxg6 43. Qe8+ 1-0

[Event "Early-Titled-Tuesday-Blitz-September-26-2023"]
[Site "Chess.com"]
[Date "2023.09.26"]
[Round "4"]
[White "Arteler"]
[Black "Rozhkov_V"]
[Result "0-1"]
[WhiteElo "2579"]
[BlackElo "2415"]
[TimeControl "180+1"]
[EndTime "8:38:29 PDT"]
[Termination "Rozhkov_V won by resignation"]

1. e4 e6 2. d4 d5 3. Nd2 c5 4. exd5 Qxd5 5. Ngf3 cxd4 6. Bc4 Qd6 7. O-O Nf6 8. Nb3 Nc6 9. Nbxd4 Nxd4 10. Nxd4 Be7 11. c3 O-O 12. Qf3 Qc7 13. Bb3 a5 14. a4 Bd7 15. Bg5 Bc6 16. Qh3 h6 17. Bh4 Be4 18.
Nxe6 fxe6 19. Qxe6+ Kh8 20. Bxf6 Rxf6 21. Qxe4 Raf8 22.
Bc2 g6 23. Qe3 Kg7 24. Rad1 Bc5 25. Qh3 Rxf2 26. Rxf2 Rxf2 27. Kh1 Qf7 28. Bd3 Rxb2 29. Bc4 Qxc4 30. Rd7+ Kg8 0-1

[Event "Early-Titled-Tuesday-Blitz-September-26-2023"]
[Site "Chess.com"]
[Date "2023.09.26"]
[Round "4"]
[White "baki83"]
[Black "PapiPapita"]
[Result "1-0"]
[WhiteElo "2828"]
[BlackElo "2585"]
[TimeControl "180+1"]
[EndTime "8:38:31 PDT"]
[Termination "baki83 won on time"]

1. e4 c6 2. Nf3 d5 3. d3 Qc7 4. Nc3 Nf6 5. h3 e5 6. a3 h6 7. g3 dxe4 8. dxe4 Bc5 9. Bg2 O-O 10. O-O Be6 11. Qe2 a5 12. Nh4 b5 13. Rd1 Nbd7 14. Nf5 Rfd8 15. g4 b4 16. Na4 Bf8 17. g5 hxg5 18.
Bxg5 g6 19. Nh6+ Kh7 20. Ng4 Be7 21. Rxd7 Rxd7 22. Nxf6+ Bxf6 23. Bxf6 Qd6 24. Nb6 1-0

[Event "Early-Titled-Tuesday-Blitz-September-26-2023"]
[Site "Chess.com"]
[Date "2023.09.26"]
[Round "4"]
[White "Doudou2015"]
[Black "emeli_chess"]
[Result "1/2-1/2"]
[WhiteElo "2178"]
[BlackElo "2358"]
[TimeControl "180+1"]
[EndTime "8:38:31 PDT"]
[Termination "Game drawn by repetition"]

1. b3 e5 2. Bb2 Nc6 3. e3 a6 4. d4 exd4 5. exd4 d5 6. Nf3 Nf6 7. Bd3 Bd6 8. Ne5 Qe7 9. O-O Be6 10. f4 Ne4 11. Bxe4 dxe4 12. d5 O-O-O 13. Nxc6 bxc6 14.
Qe2 cxd5 15. Qxa6+ Kd7 16. f5 Qh4 17. fxe6+ fxe6 18. Qb5+ Kc8 19. Qa6+ Kd7 20. Qb5+ Kc8 21. Qa6+ Kd7 1/2-1/2

[Event "Early-Titled-Tuesday-Blitz-September-26-2023"]
[Site "Chess.com"]
[Date "2023.09.26"]
[Round "4"]
[White "Keeper0416"]
[Black "Arifarsky"]
[Result "0-1"]
[WhiteElo "2560"]
[BlackElo "2732"]
[TimeControl "180+1"]
[EndTime "8:38:33 PDT"]
[Termination "Arifarsky won by resignation"]

1. d4 d5 2. c4 c6 3. Nf3 Nf6 4. e3 Bf5 5. Qb3 Bc8 6. Nc3 e6 7. a4 a5 8. Be2 Nbd7 9. O-O Bd6 10.
Qc2 O-O 11. Bd2 h6 12. h3 Qe7 13. e4 dxe4 14. Nxe4 Nxe4 15. Qxe4 e5 16. dxe5 Nxe5 17. Bc3 Re8 18. Rfe1 Nxf3+ 19. Bxf3 Qxe4 20. Bxe4 Be6 21. b3 Bb4 22. Bxb4 axb4 23. Rad1 Kf8 24. g4 g5 25. Kg2 Red8 26. Kf3 Rxd1 27. Rxd1 Ke7 28. Ke3 Ra5 29. Kd4 Kd6 30. Ke3+ Kc5 31. Rd8 b5 32.
Rc8 Bxc8 0-1

[Event "Early-Titled-Tuesday-Blitz-September-26-2023"]
[Site "Chess.com"]
[Date "2023.09.26"]
[Round "4"]
[White "Lennis93"]
[Black "Shuvalov"]
[Result "1-0"]
[WhiteElo "2720"]
[BlackElo "2470"]
[TimeControl "180+1"]
[EndTime "8:38:33 PDT"]
[Termination "Lennis93 won on time"]

1. b3 d5 2. Bb2 Nf6 3. Nf3 Bg4 4. Ne5 Bf5 5. e3 Nbd7 6. Nf3 e6 7. Be2 Bd6 8. Nh4 Bg6 9. Nxg6 hxg6 10. h3 e5 11. d3 Qe7 12. a3 a5 13. Nd2 g5 14. e4 d4 15. Bg4 Nf8 16. Qe2 Ng6 17. g3 Nxg4 18.
Qxg4 Qd7 19. Qxg5 Rxh3 20. Ke2 Be7 21. Qf5 Rxh1 22. Rxh1 Qe6 23. Rh7 Bf8 24. Qxe6+ fxe6 25. a4 c6 26. Nc4 b5 27. Nd2 Kf7 28. Rh1 Bb4 29.
Nf3 Be7 30. Ra1 Bf6 31. Bc1 b4 32. Nd2 Rh8 33. Nc4 Bd8 34. Bd2 Bc7 35. Kf3 Nf8 36.
Bg5 Nd7 37. Kg2 Nf6 38. Rf1 Kg6 39. Bd2 Ng4 40. Be1 Rh2+ 41. Kg1 Rh8 42. f3 Ne3 43.
Nxe3 dxe3 44. Kg2 Bb6 45. Rh1 1-0

[Event "Early-Titled-Tuesday-Blitz-September-26-2023"]
[Site "Chess.com"]
[Date "2023.09.26"]
[Round "4"]
[White "Vanina1989"]
[Black "ellatambien"]
[Result "0-1"]
[WhiteElo "2709"]
[BlackElo "2515"]
[TimeControl "180+1"]
[EndTime "8:38:38 PDT"]
[Termination "ellatambien won by resignation"]

1. d4 Nf6 2. c4 e6 3. Nf3 d5 4. Nc3 Bb4 5. cxd5 exd5 6. Bg5 h6 7. Bh4 O-O 8. e3 Bf5 9. Be2 c6 10. Qb3 Bxc3+ 11. bxc3 g5 12. Bg3 Qb6 13. Nd2 Nbd7 14. O-O c5 15. dxc5 Nxc5 16. Qxb6 axb6 17. f3 Rfe8 18. Kf2 Ra3 19. Rfc1 Rea8 20. c4 Rxa2 21. Rxa2 Rxa2 22. Ke1 Bd3 23. Be5 Bxe2 24. Kxe2 Nb3 25. Rd1 Nd7 26. Bc3 dxc4 27. e4 Ndc5 28. Ke3 Na4 29.
Nxb3 Nxc3 30. Rd8+ Kg7 31. Nd2 b5 32. e5 Nd1+ 33.
Ke2 c3 34. Kxd1 Rxd2+ 35. Rxd2 cxd2 36. Kxd2 Kf8 37. Kc3 Ke7 38. Kb4 Ke6 39. Kxb5 Kxe5 40. Kb6 Kf4 41. Kxb7 Ke3 42. Kc6 Kf2 43. Kd6 Kxg2 44.
Ke7 Kxf3 45. Kxf7 Kg2 0-1

[Event "Early-Titled-Tuesday-Blitz-September-26-2023"]
[Site "Chess.com"]
[Date "2023.09.26"]
[Round "4"]
[White "Msb2"]
[Black "remi04"]
[Result "1-0"]
[WhiteElo "3091"]
[BlackElo "2827"]
[TimeControl "180+1"]
[EndTime "8:38:40 PDT"]
[Termination "Msb2 won on time"]

1. d4 d5 2. c4 e5 3. dxe5 d4 4. Nf3 Nc6 5. a3 Nge7 6. Nbd2 Ng6 7. Nb3 Ngxe5 8. Nxe5 Nxe5 9. Qxd4 Qxd4 10. Nxd4 Bd7 11.
e3 O-O-O 12. Bd2 c5 13. Nf3 Nxf3+ 14. gxf3 Bc6 15. Be2 Be7 16. Bc3 Rhg8 17. Rd1 g6 18.
Rd2 Bh4 19. Rxd8+ Rxd8 20. O-O f5 21. Rd1 Rxd1+ 22. Bxd1 Kd7 23. f4 Ke6 24. Be2 b6 25. f3 h6 26. Kg2 g5 27. fxg5 hxg5 28. Bd3 g4 29. e4 fxe4 30. Bxe4 Bxe4 31. fxe4 Kd6 32.
a4 Ke6 33. b3 Kd6 34. h3 gxh3+ 35. Kxh3 Bf2 36. Kg4 Ke6 37. Kf3 Bg1 38. Bd2 Bd4 39. Bf4 a6 40. Bc7 b5 41. cxb5 axb5 42. axb5 Bc3 43. b6 Kd7 44. Kf4 Kc6 45. Kf5 Bd4 46.
e5 1-0

[Event "Early-Titled-Tuesday-Blitz-September-26-2023"]
[Site "Chess.com"]
[Date "2023.09.26"]
[Round "4"]
[White "koncheto"]
[Black "ApoIogiA"]
[Result "1-0"]
[WhiteElo "2553"]
[BlackElo "2287"]
[TimeControl "180+1"]
[EndTime "8:38:40 PDT"]
[Termination "koncheto won by resignation"]

1. e4 c5 2. Nf3 Nc6 3. d4 cxd4 4. Nxd4 Nf6 5. Nc3 e5 6. Ndb5 d6 7. Bg5 a6 8. Na3 b5 9. Nd5 Be7 10. Bxf6 Bxf6 11. c3 O-O 12. Nc2 Be6 13. Nce3 Bg5 14. Be2 Bxe3 15. Nxe3 Rc8 16. O-O b4 17. Bxa6 Rc7 18.
Nd5 Bxd5 19. Qxd5 bxc3 20. bxc3 Qa8 21. Bb5 Rd8 22. Rfd1 Kf8 23. g3 Ke7 24. Bc4 Ke8 25. Rab1 Na5 26. Qxa8 Rxa8 27. Bd5 Raa7 28. Rb8+ Ke7 29.
Rg8 Kf6 30. Rd3 Ra6 31. Rf8 Nc6 32. Rf3+ Kg6 33. R8xf7 Ne7 34. Be6 d5 35. exd5 Nxd5 36. Bxd5 1-0

[Event "Early-Titled-Tuesday-Blitz-September-26-2023"]
[Site "Chess.com"]
[Date "2023.09.26"]
[Round "4"]
[White "AnaKuchava"]
[Black "Cheer_Down"]
[Result "1-0"]
[WhiteElo "2247"]
[BlackElo "2463"]
[TimeControl "180+1"]
[EndTime "8:38:41 PDT"]
[Termination "AnaKuchava won by resignation"]

1. d4 Nf6 2. Nf3 d5 3. c4 e6 4. Nc3 c5 5. cxd5 Nxd5 6. e4 Nxc3 7. bxc3 cxd4 8. cxd4 Bb4+ 9. Bd2 Bxd2+ 10. Qxd2 O-O 11.
Be2 b6 12. O-O Bb7 13. Qe3 Nc6 14. Rfd1 Ne7 15. Rac1 h6 16. h3 Rc8 17. Rxc8 Qxc8 18. Rc1 Qa8 19. Bd3 Rc8 20. Ne5 Rxc1+ 21. Qxc1 Bxe4 22.
Qc7 Bxd3 23. Qxe7 Bg6 24. Nxg6 fxg6 25. Qxe6+ Kh7 26. d5 b5 27. Qc6 Qb8 28. d6 Qf8 29. d7 b4 30. Qc8 1-0

[Event "Early-Titled-Tuesday-Blitz-September-26-2023"]
[Site "Chess.com"]
[Date "2023.09.26"]
[Round "4"]
[White "SHIVACalypso"]
[Black "Fore_Man"]
[Result "1-0"]
[WhiteElo "2501"]
[BlackElo "2284"]
[TimeControl "180+1"]
[EndTime "8:38:44 PDT"]
[Termination "SHIVACalypso won by resignation"]

1. e4 c5 2. Nf3 Nc6 3. d4 cxd4 4.
Nxd4 g6 5. c4 Bg7 6. Be3 Nf6 7.
Nc3 O-O 8. Be2 a6 9. O-O d6 10. Rc1 Nxd4 11. Bxd4 Bd7 12. Qc2 Qa5 13. Rfd1 b5 14. c5 b4 15. Bxf6 exf6 16. Rxd6 bxc3 17.
Rxd7 Qxc5 18. Qxc3 Qe5 19. f3 Qg5 20. Rcd1 f5 21.
Qc5 Rfc8 22. Qf2 fxe4 23. fxe4 Qc5 24. Qxc5 Rxc5 25. b3 Re5 26. Bc4 Rf8 27. Rf1 Rxe4 28. Rfxf7 Rxf7 29. Bxf7+ Kf8 30. Bc4 Bd4+ 31. Kf1 Rf4+ 32.
Ke2 Rf2+ 33. Kd3 Bg7 34. g3 a5 35. a4 h5 36. Ra7 Bb2 37. Rxa5 Rxh2 38. Ra8+ Kg7 39. a5 Rg2 40. a6 Rxg3+ 41. Ke4 Rg4+ 42. Kf3 Rg1 43. a7 Ra1 44. Rg8+ Kh7 45. a8=Q Rxa8 46.
Rxa8 g5 47. Ra6 g4+ 48. Kf4 Bc1+ 49. Kf5 g3 50. Bf1 Be3 51. Bh3 h4 52. b4 Kg7 53. b5 g2 54. Bxg2 h3 55. Bxh3 1-0